 Dungeon Crawl Stone Soup version 0.21.0-24-g2553a33 (webtiles) character file.

4796 Monsterracer the Nimble (level 10, -2/79 HPs)
             Began as a Spriggan Berserker on Jan 19, 2018.
             Was a Priest of Trog.
             Slain by a minotaur
             ... wielding a +0 club
              (11 damage)
             ... in a labyrinth.
             The game lasted 00:13:08 (11354 turns).

Monsterracer the Nimble (Spriggan Berserker)       Turns: 11354, Time: 00:13:08

Health: -2/79      AC:  5    Str: 19    XL:     10   Next: 24%
Magic:  11/11      EV: 27    Int:  9    God:    Trog [***...]
Gold:   317        SH:  0    Dex: 18    Spells: 9/9 levels left

rFire    . . .     SeeInvis +   a - +3 long sword
rCold    . . .     Gourm    .   (shield restricted)
rNeg     + . .     Faith    .   m - +2 robe {rN+}
rPois    .         Spirit   .   d - +1 hat
rElec    .         Reflect  .   (no cloak)
rCorr    +         Harm     .   (gloves unavailable)
MR       +....                  (boots unavailable)
Stlth    ..........             (no amulet)
HPRegen  0.23/turn              e - ring of flight
MPRegen  0.12/turn              s - ring of resist corrosion {!d}

@: berserking, very quick
A: very small, unfitting armour, see invisible, herbivore, speed 3, slow
metabolism 2
a: Berserk, Trog's Hand, Burn Spellbooks, Renounce Religion, Evoke Flight


You were in a labyrinth.
You worshipped Trog.
Trog was most pleased with you.
You were very hungry.

You visited 1 branch of the dungeon, and saw 11 of its levels.
You also visited: Labyrinth.

You collected 317 gold pieces.

Inventory:

Hand Weapons
 a - a +3 long sword (weapon)
Armour
 d - a +1 hat (worn)
 m - a +2 robe of positive energy (worn)
Jewellery
 e - a ring of flight (left hand)
 p - an uncursed ring of fire
 s - a ring of resist corrosion (right hand) {!d}
Wands
 l - a wand of iceblast (8)
 o - a wand of flame (24)
Scrolls
 f - 2 scrolls of identify
 i - 7 scrolls of teleportation
 r - 2 scrolls of remove curse
 v - 2 scrolls of fog
 w - a scroll of magic mapping {!r}
Potions
 b - a potion of magic
 g - 2 potions of lignification
 h - 4 potions of mutation {!q}
 j - 2 potions of curing
 k - 3 potions of heal wounds
 n - 2 potions of flight
 q - 4 potions of agility
 u - a potion of ambrosia {!q}
Comestibles
 c - 7 rations


   Skills:
 + Level 6.4 Fighting
 * Level 8.9 Long Blades
 + Level 11.0 Dodging
 - Level 7.6 Stealth


You had 9 spell levels left.
You didn't know any spells.

Dungeon Overview and Level Annotations

Branches:
Dungeon (12/15)            Temple (0/1) D:5             Orc (0/2) D:11
   Lair: D:8-11

Altars:
Dithmenos
Gozag
Hepliaklqana
Kikubaaqudgha
Trog
Wu Jian
Zin


Innate Abilities, Weirdness & Mutations

You are very small and have problems with some larger weapons.
You are too small for most types of armour.
You have supernaturally acute eyesight. (SInv)
You are a herbivore.
You cover ground extremely quickly.
You need consume almost no food.


Message History

You start resting.
You hit the unseen horror.
The unseen horror is heavily wounded.
The unseen horror barely misses you.
Drop what? 22/52 slots (_ for help) (? for menu, Esc to quit)
Okay, then.
The unseen horror hits you!
You take 8 damage, and have 34/53 hp.
You hit the unseen horror.
The unseen horror is severely wounded.
The unseen horror completely misses you.
You riposte.
You hit the unseen horror.
The unseen horror is severely wounded.
The unseen horror hits you.
You take 2 damage, and have 32/53 hp.
You slash the unseen horror!
The unseen horror is almost dead.
The unseen horror completely misses you.
You start resting.
You hear an odd grinding sound!
You regained 16 hp, and now have 49/53 hp.
You hit the unseen horror.
The unseen horror is lightly wounded.
The unseen horror misses you.
You slash the unseen horror!
The unseen horror is lightly wounded.
The unseen horror hits you. x2
The unseen horror completely misses you.
You riposte.
You closely miss the unseen horror.
The unseen horror is lightly wounded.
You closely miss the unseen horror.
The unseen horror is lightly wounded.
The unseen horror closely misses you. The unseen horror hits you.
You hit the unseen horror but do no damage.
The unseen horror is lightly wounded.
The unseen horror completely misses you. x2
You take 9 damage, and have 41/53 hp.
You slash the unseen horror!
The unseen horror is heavily wounded.
The unseen horror completely misses you.
The unseen horror hits you.
You are too injured to fight recklessly!
You are too injured to fight recklessly!
You are too injured to fight recklessly!
You are too injured to fight recklessly!
You take 6 damage, and have 35/53 hp.
You hit the unseen horror.
The unseen horror is heavily wounded.
The unseen horror completely misses you.
The unseen horror completely misses you.
You riposte.
You hit the unseen horror.
The unseen horror is heavily wounded.
You hit the unseen horror.
The unseen horror is severely wounded.
The unseen horror completely misses you.
You riposte.
You slash the unseen horror!
The unseen horror is severely wounded.
You slash the unseen horror!
You kill the unseen horror!
Trog accepts your kill.
Your Dodging skill increases to level 11!
You start resting.
HP restored.
Health restored: 53 You open the door.
A minotaur comes into view. It is wielding a club.
The minotaur moves out of view.
Found a shiny ring mail.
Found an escape hatch in the ceiling.
There is an open door here.
A red film seems to cover your vision as you go berserk!
You feel yourself moving faster!
You feel mighty!
You are feeling very hungry.
You now have 79/79 hp.
You barely miss the minotaur.
The minotaur furiously retaliates!
The minotaur headbutts you! The minotaur completely misses you.
You riposte.
You hit the minotaur but do no damage.
The minotaur gores you but does no damage.
You take 6 damage, and have 73/79 hp.
You barely miss the minotaur. The minotaur hits you with a club!!
The minotaur closely misses you.
You take 24 damage, and have 49/79 hp.
MASSIVE DAMAGE!!
You are too injured to fight recklessly!
You are too injured to fight recklessly!
You are too injured to fight recklessly!
You hit the minotaur.
The minotaur is lightly wounded.
You hit the minotaur but do no damage.
The minotaur is lightly wounded.
The minotaur hits you with a club!
* * * LOW HITPOINT WARNING * * *
The minotaur completely misses you.
You take 13 damage, and have 36/79 hp.
You hit the minotaur.
The minotaur is lightly wounded.
You slash the minotaur!
The minotaur is moderately wounded.
The minotaur hits you with a club!!
* * * LOW HITPOINT WARNING * * *
The minotaur gores you!
You die...

#######
#≈≈≈≈≈#
#≈≈<≈≈#
#≈.H.≈#
###@### .
# #.....#
# #
###'###.#
#
#.......#
#.##..# #
#.....#.#
##... .#
....#. ..
#..
#...##.


You could see a minotaur.

Vanquished Creatures
  A two-headed ogre (D:8)
  An unseen horror (Lab)
  The ghost of tidbits the Skirmisher, a novice GnWn (D:7)
  2 redbacks (Lab)
  A spriggan (D:7)
  A hungry ghost (D:12)
  Menkaure (D:6)
  Duvessa (D:7)
  2 water moccasins
  A black bear (D:6)
  An orc warrior (D:6)
  2 ice beasts (D:8)
  2 ogres
  A necrophage (D:8)
  5 bullfrogs
  Dowan (D:7)
  A scorpion (D:7)
  An electric eel (D:7)
  5 wights (D:8)
  2 howler monkeys
  2 crimson imps
  A bullfrog zombie (D:6)
  2 jellies
  5 orc priests
  A centaur skeleton (D:4)
  3 hounds
  2 iguanas
  3 orc wizards
  5 worker ants
  A hound zombie (D:9)
  11 adders
  A shadow imp (D:5)
  2 oozes
  5 worms
  A dart slug (D:1)
  2 leopard geckos
  30 orcs
  5 giant cockroaches
  5 goblins
  10 hobgoblins
  7 jackals
  2 kobolds
  4 quokkas
  2 ball pythons (D:3)
  4 bats
  3 frilled lizards
  A jackal skeleton (D:5)
  A jackal zombie (D:8)
  5 rats
159 creatures vanquished.

Notes
Turn   | Place    | Note
-------+----------+-------------------------------------------
     0 | D:1      | Monsterracer the Spriggan Berserker began the quest for the Orb.
     0 | D:1      | Reached XP level 1. HP: 11/11 MP: 2/2
   192 | D:1      | Reached XP level 2. HP: 16/16 MP: 3/3
   860 | D:2      | Reached XP level 3. HP: 19/19 MP: 4/4
  1153 | D:2      | HP: 9/19 [worm (10)]
  1171 | D:2      | HP: 9/19 [worm (1)]
  1179 | D:2      | Reached skill level 5 in Dodging
  1755 | D:3      | Reached XP level 4. HP: 13/23 MP: 5/5
  1758 | D:3      | HP: 11/23 [poisoned by an adder]
  1763 | D:3      | HP: 9/23 [poisoned by an adder]
  1771 | D:3      | HP: 8/23 [poisoned by an adder]
  2020 | D:3      | HP: 11/23 [poisoned by an adder]
  2028 | D:3      | HP: 10/23 [poisoned by an adder]
  2384 | D:3      | Reached skill level 1 in Stealth
  2454 | D:3      | HP: 12/24 [kobold/short sword (4)]
  2460 | D:3      | HP: 11/24 [frilled lizard (1)]
  2754 | D:3      | Reached XP level 5. HP: 16/28 MP: 6/6
  3206 | D:4      | Reached ** piety under Trog
  3242 | D:4      | Found an opulent altar of Gozag.
  3444 | D:4      | Reached skill level 6 in Dodging
  3483 | D:4      | Noticed an ogre
  3488 | D:4      | HP: 10/28 [ogre/giant club (12)]
  3489 | D:4      | Killed an ogre
  3489 | D:4      | Reached XP level 6. HP: 12/32 MP: 7/7
  3924 | D:4      | Found a hazy altar of Hepliaklqana.
  3936 | D:4      | Found an ancient bone altar of Kikubaaqudgha.
  4126 | D:4      | Noticed a water moccasin
  4133 | D:4      | Killed a water moccasin
  4140 | D:4      | HP: 16/32 [poisoned by a water moccasin]
  4146 | D:4      | HP: 13/32 [poisoned by a water moccasin]
  4153 | D:4      | HP: 11/32 [poisoned by a water moccasin]
  4494 | D:4      | Found a glowing silver altar of Zin.
  4606 | D:5      | Entered Level 5 of the Dungeon
  4624 | D:5      | Reached XP level 7. HP: 32/37 MP: 8/8
  4727 | D:5      | HP: 14/37 [worker ant (5)]
  4732 | D:5      | HP: 9/55 [shadow imp (4)]
  4737 | D:5      | HP: 8/55 [poisoned by an adder]
  4743 | D:5      | HP: 5/37 [poisoned by an adder]
  5107 | D:5      | Found a staircase to the Ecumenical Temple.
  5156 | D:5      | Reached skill level 5 in Long Blades
  5156 | D:5      | Reached skill level 7 in Dodging
  5192 | D:5      | Found a shadowy altar of Dithmenos.
  5387 | D:5      | Found an ornate altar of the Wu Jian Council.
  6009 | D:6      | Noticed Menkaure
  6020 | D:6      | HP: 13/37 [??? (8)]
  6053 | D:6      | Reached skill level 5 in Stealth
  6055 | D:6      | HP: 15/37 [adder (1)]
  6255 | D:6      | HP: 18/37 [jelly (1)]
  6275 | D:6      | HP: 11/37 [acid (3)]
  6879 | D:6      | HP: 21/55 [orc priest/divine providence (12)]
  6881 | D:6      | Reached XP level 8. HP: 24/42 MP: 9/9
  7256 | D:6      | Got a crystal short sword
  7269 | D:6      | Identified the +3 short sword of Charity {elec, rN+} (You found it on level 6 of the Dungeon)
  7426 | D:6      | HP: 30/63 [??? (21)]
  7430 | D:6      | Killed Menkaure
  7430 | D:6      | Reached skill level 8 in Dodging
  7838 | D:7      | HP: 15/42 [orc priest/divine providence (12)]
  7843 | D:7      | HP: 15/63 [orc priest (3)]
  8113 | D:7      | Noticed tidbits's ghost (novice GnWn)
  8127 | D:7      | Killed tidbits's ghost
  8127 | D:7      | Reached skill level 5 in Fighting
  8474 | D:7      | Reached skill level 9 in Dodging
  8592 | D:7      | Reached *** piety under Trog
  8880 | D:7      | You fall through a shaft!
  9056 | D:7      | Noticed Duvessa
  9058 | D:7      | Noticed Dowan
  9065 | D:7      | Killed Duvessa
  9065 | D:7      | Reached XP level 9. HP: 47/47 MP: 10/10
  9072 | D:7      | Killed Dowan
  9501 | D:8      | Found a bloodstained altar of Trog.
  9657 | D:8      | Noticed a two-headed ogre
  9882 | D:8      | Killed a two-headed ogre
  9882 | D:8      | Reached skill level 10 in Dodging
 10382 | D:8      | Found a shadowy altar of Dithmenos.
 10510 | D:9      | You fall through a shaft for 3 floors!
 10510 | D:12     | Noticed a wizard
 10510 | D:12     | Noticed a wizard
 10622 | D:12     | Reached XP level 10. HP: 53/53 MP: 11/11
 10694 | D:11     | Found a labyrinth entrance.
 10701 | Lab      | Entered a labyrinth
 10725 | Lab      | HP: 15/53 [redback (15)]
 10730 | Lab      | HP: 7/53 [poisoned by a redback]
 10735 | Lab      | HP: 4/53 [poisoned by a redback]
 10740 | Lab      | HP: 2/53 [poisoned by a redback]
 10745 | Lab      | HP: 1/53 [poisoned by a redback]
 10751 | Lab      | HP: 1/53 [poisoned by a redback]
 10756 | Lab      | HP: 2/53 [poisoned by a redback]
 10761 | Lab      | HP: 4/53 [poisoned by a redback]
 10768 | Lab      | HP: 5/53 [poisoned by a redback]
 10776 | Lab      | HP: 9/53 [poisoned by a redback]
 10783 | Lab      | HP: 15/53 [poisoned by a redback]
 10791 | Lab      | HP: 22/53 [poisoned by a redback]
 11083 | Lab      | Noticed an unseen horror
 11241 | Lab      | Killed an unseen horror
 11241 | Lab      | Reached skill level 11 in Dodging
 11344 | Lab      | Noticed a minotaur
 11352 | Lab      | HP: 36/79 [minotaur/club (13)]
 11354 | Lab      | HP: 9/79 [minotaur/club (27)]
 11354 | Lab      | Slain by a minotaur

Skill      XL: |  1  2  3  4  5  6  7  8  9 10 |
---------------+-------------------------------+-----
Long Blades    | 3 4 5 7 8 |  8.9
Dodging        | 5 6 7 9 10 11 | 11.0
Fighting       | 3 4 5 6 |  6.4
Stealth        | 1 3 4 5 7 |  7.6

Action                   |  1- 3 |  4- 6 |  7- 9 | 10-12 || total
-------------------------+-------+-------+-------+-------++-------
Melee: Falchion          |    79 |   129 |   142 |       ||   350
       Long sword        |       |       |   286 |    53 ||   339
       Short sword       |       |       |     7 |       ||     7
Invok: Berserk           |       |     1 |     8 |     1 ||    10
       Trog's Hand       |       |       |       |     2 ||     2
  Use: Scroll            |       |    12 |    10 |     1 ||    23
 Stab: Sleeping          |     4 |     7 |    11 |     3 ||    25
  Eat: Ration            |       |     2 |     7 |     1 ||    10
Armor: Animal skin       |     8 |       |       |       ||     8
       Robe              |       |    11 |    45 |     3 ||    59
Dodge: Dodged            |    66 |   101 |   406 |    61 ||   634
       Rpst.: Falchion   |    27 |    28 |    53 |       ||   108
       Long sword        |       |       |    62 |    20 ||    82

Vault maps used:
D:1:      dpeg_arrival_shelter
D:3:      serial_curves, eino_curves_02, eino_curves_01
D:4:      mumra_celtic_spiral_tile, grunt_gozag_statues, minitemple,
          marbit_many_paths, first_ration, item_on_display_a
D:5:      lemuel_round_altar, temple_green, nicolae_dithmenos_shadow_blocks
D:6:      kennysheep_crisscross, uniq_menkaure
D:7:      minmay_crystal_water, the_bakery, uniq_duvessa
D:8:      nicolae_overflow_crystal_walls, trog_hazing_becter
D:9:      erik_lair_orcish_takeover, minivault_16
D:11:     erik_orc_2, lab_entry_generic, basic_altar, evilmike_surprise_oklob,
          uniq_grum
D:12:     special_room, bh_hangedman_babel_library, uniq_maurice, uniq_erolcha
Lab:      labyrinth_watery, nicolae_lab_arrow, lab_block, nicolae_lab_statue,
          labyrinth_glass_1, nicolae_lab_plus, nicolae_lab_swirl,
          nicolae_lab_grate_2
